 Dungeon Crawl Stone Soup version 0.31-a0-1008-g5b978dac0e (webtiles) character file.

Game seed: 15483912919688108601

184 Gynju the Chopper (level 5, -7/48 HPs)
             Began as a Minotaur Fighter on Nov 13, 2023.
             Mangled by Edmund
             ... wielding a +4 flail of protection
              (8 damage)
             ... on level 4 of the Dungeon.
             The game lasted 00:05:34 (2327 turns).

Gynju the Chopper (Minotaur Fighter)                Turns: 2327, Time: 00:05:35

Health: -7/48      AC:  6    Str: 22    XL:     5   Next: 36%
Magic:  4/4        EV: 10    Int:  5    God:
Gold:   131        SH:  4    Dex: 10    Spells: 4/4 levels left

rFire   . . .        a - +0 war axe
rCold   . . .        c - +0 buckler
rNeg    . . .        w - +0 ring mail {rPois}
rPois   +            (helmet restricted)
rElec   .            (no cloak)
rCorr   .            (no gloves)
SInv    .            i - +0 pair of boots
Will    .....        (no amulet) Stlth
                     (no ring)
HPRegen 0.28/turn    (no ring)
MPRegen 0.09/turn

%: no passive effects
@: mighty
A: horns 2, retaliatory headbutt
a: no special abilities


You were on level 4 of the Dungeon.
You visited 1 branch of the dungeon, and saw 4 of its levels.

You collected 131 gold pieces.

Inventory:

Hand Weapons
 a - a +0 war axe (weapon)
Armour
 b - a +0 scale mail
 c - a +0 buckler (worn)
 i - a +0 pair of boots (worn)
 w - a +0 ring mail of poison resistance (worn)
Jewellery
 n - a +4 ring of protection
Talismans
 g - a beast talisman
Wands
 s - a wand of polymorph (4)
Scrolls
 e - 4 scrolls of identify {unknown}
 f - a scroll of noise {unknown}
 j - a scroll of enchant armour {unknown}
 k - 4 scrolls of teleportation {unknown}
 l - a scroll of vulnerability {unknown}
 m - a scroll of summoning {unknown}
 o - a scroll of fog {unknown}
 r - a scroll of poison {unknown}
 t - a scroll of blinking {unknown}
 u - a scroll of fear {unknown}
 v - a scroll of immolation {unknown}
Potions
 d - a potion of might
 h - 2 potions of curing {unknown}
 p - 2 potions of haste {unknown}
 q - a potion of brilliance {unknown}


   Skills:
 + Level 5.2 Fighting
 * Level 5.7 Axes
 - Level 3.6 Armour
 - Level 3.6 Shields


You had 4 spell levels left.
You didn't know any spells.
Your spell library contained the following spells:

 Spells                   Type           Power      Damage    Failure   Level
 Apportation              Tloc           0%         N/A       71%         1
 Jinxbite                 Hex            0%         N/A       83%         2
 Alistair's Intoxication  Tmut/Pois      0%         N/A       100%        5


Dungeon Overview and Level Annotations

Branches:
Dungeon (4/15)
 Temple: D:4-7

Altars:

Annotations:
D:4 Edmund


Innate Abilities, Weirdness & Mutations

You have a pair of horns on your head.
You reflexively headbutt those who attack you in melee.


Message History

You kill the orc!
No target in view!
No target in view!
You climb downwards.
Level annotation: Edmund Edmund says, "I might not be good at magic, but I can still kill you!"
Edmund hits you with a +4 flail of protection!
You block Edmund's attack.
There is a stone staircase leading up here.
You feel very mighty all of a sudden.
Edmund hits you with a +4 flail of protection.
You barely miss Edmund.
Edmund hits you with a +4 flail of protection!
You hit Edmund but do no damage.
Edmund hits you with a +4 flail of protection.
* * * LOW HITPOINT WARNING * * *
You slash Edmund! Your headbutt misses Edmund.
Edmund is moderately wounded.
You block Edmund's attack. Edmund barely misses you.
You hit Edmund.
Edmund is moderately wounded.
Edmund hits you with a +4 flail of protection!
* * * LOW HITPOINT WARNING * * *
You hit Edmund but do no damage.
Edmund is moderately wounded.
Edmund hits you but does no damage.
You hit Edmund.
Edmund is heavily wounded.
Edmund hits you with a +4 flail of protection!
* * * LOW HITPOINT WARNING * * *
You barely miss Edmund. Your headbutt misses Edmund.
Edmund is heavily wounded.
Edmund barely misses you.
Edmund hits you with a +4 flail of protection.
* * * LOW HITPOINT WARNING * * *
You barely miss Edmund. You headbutt Edmund.
Edmund is heavily wounded.
Edmund hits you with a +4 flail of protection!
You die...
Edmund says, "That'll show my brother!"

#.# ..# #.# ..## ##.##
.... #...# #.. #.#.#
#.. ####.#.#### #.####
#....#....# #.##.##
####.#######.###).....
+....@..#.....o.@.....
####..@.#.########...#
###.#.#.# ##.##
#.......# ###
#.#####.# # #. #.# ##
# #.. #.#. ###. #....
#+ ##.#.


You could see Edmund.

Vanquished Creatures
  A howler monkey (D:4)
  Ijyb (D:3)
  Robin (D:2)
  4 adders
  A dart slug (D:2)
  An orc (D:3)
  6 endoplasms
  3 giant cockroaches
  14 goblins
  5 hobgoblins
  2 jackals (D:1)
  8 kobolds
  4 quokkas
  4 ball pythons
  3 bats (D:1)
  2 frilled lizards (D:2)
  8 rats
68 creatures vanquished.

Notes
Turn   | Place    | Note
-------+----------+-------------------------------------------
     0 | D:1      | Gynju the Minotaur Fighter began the quest for the Orb.
     0 | D:1      | Reached XP level 1. HP: 19/19 MP: 0/0
   257 | D:1      | Reached XP level 2. HP: 27/27 MP: 1/1
   664 | D:2      | Reached XP level 3. HP: 33/33 MP: 2/2
  1372 | D:3      | Reached XP level 4. HP: 41/41 MP: 3/3
  1425 | D:3      | Identified the +1 helmet of the Stag {Contam Rampage rF+++
                  | rN+}
  1425 | D:3      | Noticed Robin
  1455 | D:2      | Killed Robin
  1539 | D:3      | Noticed Ijyb
  1588 | D:3      | Killed Ijyb
  1589 | D:3      | Reached skill level 5 in Axes
  1736 | D:3      | Reached skill level 5 in Fighting
  1736 | D:3      | Reached XP level 5. HP: 47/48 MP: 4/4
  1889 | D:3      | Found a faded altar of an unknown god.
  2283 | D:4      | Noticed Edmund
  2325 | D:4      | HP: 2/48 [Edmund/+4 flail of protection (7)]
  2327 | D:4      | Mangled by Edmund

Illustrated notes

Levels and vault maps discovered:
D:1:      sevenhm_arrival_forest_fort_small_3, layout_basic, st_stairs_12
D:2:      layout_loops_ring, minmay_misc_feat_encased
D:3:      layout_basic, shapermc_ecumenical_altar_flowoftime,
          kennysheep_generic_room_13, uniq_robin, uniq_ijyb
D:4:      layout_loops_corners, serial_library,
          serial_library_hellmonk_metal_room, serial_library_hellmonk_room_a,
          serial_library_hellmonk_angled_corner, serial_library_hellmonk_room_c,
          serial_library_hellmonk_layered_room,
          serial_library_hellmonk_statue_hall,
          serial_library_hellmonk_open_square, serial_library_hellmonk_octagon,
          serial_library_regret_index_double_sided, uniq_edmund,
          uniq_crazy_yiuf_cottage

Skill      XL: |  1  2  3  4 |
---------------+-------------+-----
Axes           | 3 4 5 |  5.7
Fighting       | 4 5 |  5.2
Armour         | |  3.6
Shields        | |  3.6

Action                     |  1- 3 |  4- 6 || total
---------------------------+-------+-------++-------
  Melee: War axe           |    81 |    66 ||   147
         Headbutt          |    11 |     6 ||    17
         Unarmed           |       |     6 ||     6
    Use: Potion            |       |     1 ||     1
 Armour: Scale mail        |    52 |    43 ||    95
         Skin              |       |    16 ||    16
         Ring mail         |       |    18 ||    18
  Dodge: Dodged            |    33 |    48 ||    81
  Block: Buckler           |    18 |    13 ||    31

Table legend: (Time is in decaauts)
 A = Elapsed time spent in this place.
 B = Non-inter-level travel time spent in this place.
 C = Inter-level travel time spent in this place.
 D = Time resting spent in this place.
 E = Time spent auto-exploring this place.
 F = Levels seen in this place.
 G = Mean time per level.
                   A        B        C        D        E       F      G
               +--------+--------+--------+--------+--------+-----+--------+
         Total |   2374 |   2283 |     91 |     49 |   1717 |   4 |  593.5 |
       Dungeon |   2374 |   2283 |     91 |     49 |   1717 |   4 |  593.5 |
               +--------+--------+--------+--------+--------+-----+--------+

Top non-repeatable levels by time:
     D:3: 800 daAuts
     D:2: 799 daAuts
     D:1: 656 daAuts
     D:4: 117 daAuts
